 Dungeon Crawl Stone Soup version 0.18-a0-1405-g73f4075 (webtiles) character file.

5074 Medar the Basher (level 10, -5/88 HPs)
             Began as a Troll Chaos Knight on Feb 24, 2016.
             Slain by a vampire (10 damage)
             ... on level 9 of the Dungeon.
             The game lasted 00:23:03 (8509 turns).

Medar the Basher (Troll Chaos Knight)               Turns: 8509, Time: 00:23:03

Health: -5/88      AC: 11    Str: 24    XL:     10   Next: 31%
Magic:  9/9        EV: 14    Int:  6    God:    Xom [..*...]
Gold:   501        SH:  0    Dex: 10    Spells: 0 memorised, 9 levels left

rFire  . . .     SeeInvis .     a - +1 giant spiked club
rCold  . . .     Gourm    +     l - +2 robe
rNeg   . . .     Faith    .     (shield currently unavailable)
rPois  +         Spirit   .     (helmet restricted)
rElec  .         Dismiss  .     F - +2 cloak {rPois}
rCorr  .         Reflect  .     (gloves unavailable)
SustAt .         Harm     .     (boots unavailable)
MR     +....                    o - amulet of regeneration
Stlth  +.........               E - +4 ring of evasion
                                i - ring of protection from magic

@: confused, somewhat resistant to hostile enchantments, very unstealthy
A: unfitting armour, claws 3, icy blue scales 1, deterioration 1, dopey 1, fast
metabolism 3, gourmand, regeneration 2, shaggy fur 1, tough skin 2, sturdy frame
1
a: Renounce Religion


You were on level 9 of the Dungeon.
You worshipped Xom.
You were a toy of Xom.
You were completely stuffed.

You visited 1 branch of the dungeon, and saw 9 of its levels.

You collected 501 gold pieces.

Inventory:

Hand Weapons
 a - a +1 giant spiked club (weapon)
 b - a +0 blowgun
 c - a +1 mace of chaos
 Q - a +3 flail of freezing
Missiles
 q - 3 curare-tipped needles
 A - 55 poisoned needles
 O - 3 large rocks (quivered)
 U - 10 tomahawks
Armour
 l - a +2 robe (worn)
 F - a +2 cloak of poison resistance (worn)
 L - a steam dragon hide
Magical Staves
 y - an uncursed staff of cold
Jewellery
 i - a ring of protection from magic (left claw)
 o - an amulet of regeneration (around neck)
 r - an uncursed ring of protection from fire
 w - a cursed amulet of inaccuracy {unknown}
 E - a +4 ring of evasion (right claw)
 G - an uncursed ring of see invisible
 J - an uncursed amulet of the gourmand {unknown}
 V - an uncursed ring of stealth
 W - a cursed amulet of inaccuracy {unknown}
Wands
 n - a wand of slowing (46/48)
 X - a wand of lightning (8/15)
Scrolls
 d - 7 scrolls of remove curse {@r1}
 f - a scroll of recharging
 m - a scroll of fear {unknown}
 p - 3 scrolls of teleportation
 M - a scroll of holy word {unknown}
 N - a scroll of torment {unknown}
 S - a scroll of immolation {unknown}
Potions
 e - 4 potions of flight
 j - 3 potions of berserk rage {!q}
 k - a potion of invisibility
 s - a potion of agility {unknown}
 t - a potion of brilliance
 v - 2 potions of might
 x - 2 potions of curing {@q1}
 z - a potion of mutation {unknown}
 C - a potion of resistance {unknown}
 D - a potion of lignification {unknown}
 H - a potion of heal wounds {unknown}
 K - 2 potions of haste
 Y - 2 potions of degeneration {unknown}
Books
 P - a book of Ice

   Spells                             Type                      Level
   a - Ice Form                       Ice/Transmutation            4
   b - Metabolic Englaciation         Hexes/Ice                    5
   c - Ozocubu's Refrigeration        Ice                          6
   d - Bolt of Cold                   Conjuration/Ice              6
   e - Freezing Cloud                 Conjuration/Ice/Air          6
   f - Simulacrum                     Ice/Necromancy               6
Comestibles
 g - 4 meat rations {@e2}
 u - a fruit {@e3}
 B - 8 bread rations {@e1}
 I - 3 beef jerkies
 R - a royal jelly
 T - 5 chunks of flesh


   Skills:
 + Level 2.4 Fighting
 * Level 13.0 Maces & Flails
 + Level 4.7 Throwing
 - Level 1.9 Dodging


You had 9 spell levels left.
You didn't know any spells.

Dungeon Overview and Level Annotations

Branches:
Dungeon (9/15)             Temple (0/1) D:7
   Lair: D:8-11         Orc: D:9-12

Altars:
Gozag
Makhleb
Pakellas
Qazlal
Ru
Trog
Xom
Yredelemnul
The Shining One

Annotations:
D:6 brucemayne's ghost, amateur DsGl
D:7 1 runed door


Innate Abilities, Weirdness & Mutations

You are too large for most types of armour.
You have claws for hands.
Your metabolism is lightning-fast.
You like to eat raw meat.
You heal very quickly.
You are covered in fur (AC +1).
You have very tough skin (AC +2).
You are partially covered in icy blue scales (AC +1).
Your body sometimes deteriorates upon taking damage.
You are dopey. (Int -2)
Your movements are slightly less encumbered by armour (ER -2).


Message History

You feel invigorated. Something barely misses you. Something bites you.
* * * LOW HITPOINT WARNING * * *
You barely miss something. Something hits you but does no damage.
Something bites you!
* * * LOW HITPOINT WARNING * * *
You bump into the rock wall.
Something hits you.
* * * LOW HITPOINT WARNING * * *
Something bites you.
* * * LOW HITPOINT WARNING * * *
You bump into the rock wall.
Something hits you.
* * * LOW HITPOINT WARNING * * *
Something bites you.
* * * LOW HITPOINT WARNING * * *
You completely miss something. Something hits you.
* * * LOW HITPOINT WARNING * * *
Something bites you.
* * * LOW HITPOINT WARNING * * *
Something hits you!
You die...
Xom is highly amused!

...######....#...##
# ###..........
####............
#................
#................
..........#######
#.........#####.#
##+##+###..S{@§.#
#. #.###..####§#
##.##...........#
.........)..##..#
........).......#
................#
###.............#
........).......#


You could see a water moccasin.

Vanquished Creatures
  A steam dragon (D:7)
  A hungry ghost (D:7)
  Grum (D:8)
  4 wolves (D:8)
  A swamp drake (D:7)
  A sky beast (D:6)
  An orc warrior (D:8)
  4 phantoms
  5 ogres
  9 centaurs
  12 giant frogs
  A scorpion (D:5)
  A jelly (D:7)
  3 killer bees (D:8)
  2 wights (D:7)
  3 howler monkeys
  4 crimson imps
  A giant frog zombie (D:5)
  A quasit (D:8)
  3 orc priests
  9 hounds
  A giant frog skeleton (D:5)
  8 worker ants
  4 iguanas
  8 orc wizards
  A howler monkey zombie (D:6)
  A worker ant zombie (D:7)
  9 adders
  A shadow imp (D:8)
  2 oozes
  3 worms
  4 giant geckos
  17 orcs
  4 ball pythons
  3 bats (D:2)
  5 giant cockroaches
  5 goblins
  4 hobgoblins
  12 jackals
  6 kobolds
  3 quokkas
  A giant gecko zombie (D:8)
  10 giant newts
  11 rats
191 creatures vanquished.

Vanquished Creatures (collateral kills)
  A giant frog (D:6)
  An orc wizard (D:8)
  An iguana (D:7)
  An ooze (D:7)
  An orc (D:8)
5 creatures vanquished.

Grand Total: 196 creatures vanquished

Notes
Turn   | Place    | Note
--------------------------------------------------------------
     0 | D:1      | Medar the Troll Chaos Knight began the quest for the Orb.
     0 | D:1      | Reached XP level 1. HP: 22/22 MP: 0/0
   193 | D:1      | Reached skill level 3 in Maces & Flails
   254 | D:1      | Reached XP level 2. HP: 29/29 MP: 1/1
   638 | D:1      | XOM: enchant monster (good)
   982 | D:1      | XOM: mild Ice miscast
  1087 | D:2      | XOM: summons 4 hostile shadow creatures
  1171 | D:2      | Reached XP level 3. HP: 36/36 MP: 2/2
  1365 | D:2      | Reached skill level 4 in Maces & Flails
  1490 | D:2      | Found a sacrificial altar of Ru.
  1823 | D:2      | XOM: give mutation
  1823 | D:2      | Gained mutation: You are dopey. (Int -2) [Xom's mischief]
  2052 | D:2      | XOM: summons 1 hostile demon
  2070 | D:2      | Reached XP level 4. HP: 44/44 MP: 3/3
  2142 | D:3      | Found a faded altar to an unknown god.
  2282 | D:3      | Reached skill level 5 in Maces & Flails
  2422 | D:3      | Found an oddly glowing altar of Pakellas.
  2537 | D:3      | XOM: give mutation
  2537 | D:3      | Gained mutation: Your body sometimes deteriorates upon taking damage. [Xom's mischief]
  2605 | D:3      | Noticed an air elemental
  2609 | D:3      | Found a stormy altar of Qazlal.
  2617 | D:3      | Noticed a fire elemental
  2621 | D:3      | Noticed a water elemental
  2621 | D:3      | Noticed an earth elemental
  2740 | D:3      | XOM: mild Air miscast
  2827 | D:4      | Reached XP level 5. HP: 45/50 MP: 4/4
  2830 | D:4      | XOM: 1-stop teleportation journey
  2858 | D:4      | Found a bloodstained altar of Trog.
  2991 | D:4      | XOM: 2-stop teleportation journey
  3136 | D:4      | XOM: mild Chrm miscast
  3149 | D:4      | Reached skill level 6 in Maces & Flails
  3195 | D:4      | XOM: medium Erth miscast
  3269 | D:4      | Reached XP level 6. HP: 55/59 MP: 5/5
  3444 | D:4      | Found a basalt altar of Yredelemnul.
  3444 | D:4      | Found a burning altar of Makhleb.
  3446 | D:4      | Found a shimmering altar of Xom.
  3823 | D:5      | Entered Level 5 of the Dungeon
  3934 | D:5      | Reached skill level 7 in Maces & Flails
  4009 | D:5      | XOM: 1-stop teleportation journey
  4065 | D:5      | XOM: 5-stop teleportation journey
  4111 | D:5      | Reached XP level 7. HP: 66/66 MP: 6/6
  4187 | D:5      | XOM: destruction
  4199 | D:5      | XOM: noise
  4206 | D:5      | Reached skill level 8 in Maces & Flails
  4324 | D:5      | XOM: 5-stop teleportation journey
  4840 | D:6      | Noticed Sigmund
  4842 | D:6      | Noticed Sigmund
  4842 | D:6      | Sigmund changed into Sigmund the ooze
  4842 | D:6      | XOM: polymorph Sigmund -> Sigmund the ooze
  4853 | D:5      | XOM: silly message
  4930 | D:6      | XOM: fog
  5128 | D:6      | XOM: summons 4 hostile shadow creatures
  5222 | D:6      | Noticed brucemayne's ghost (amateur DsGl)
  5234 | D:6      | XOM: cast spell 'Discord'
  5288 | D:5      | Reached skill level 9 in Maces & Flails
  5288 | D:5      | Reached XP level 8. HP: 57/74 MP: 7/7
  5446 | D:6      | XOM: potion effect (berserk rage)
  5522 | D:6      | Killed Sigmund the ooze
  5583 | D:5      | XOM: noise
  5772 | D:6      | XOM: silly message
  5819 | D:5      | XOM: enchant monster (bad)
  5974 | D:6      | XOM: enchant monster (good)
  6060 | D:7      | Found a staircase to the Ecumenical Temple.
  6070 | D:7      | Reached skill level 10 in Maces & Flails
  6483 | D:7      | XOM: summons friendly white imp
  6488 | D:7      | XOM: summons 3 friendly demons
  6514 | D:7      | Reached skill level 11 in Maces & Flails
  6514 | D:7      | Reached XP level 9. HP: 76/80 MP: 8/8
  6645 | D:7      | Found a runed door.
  6648 | D:7      | Found a glowing golden altar of the Shining One.
  6648 | D:7      | Noticed an angel
  6886 | D:7      | XOM: polymorph jelly -> swamp drake
  6929 | D:7      | Reached skill level 12 in Maces & Flails
  6929 | D:7      | XOM: confusion
  7026 | D:7      | Reached skill level 1 in Throwing
  7137 | D:7      | Found an opulent altar of Gozag.
  7139 | D:7      | XOM: enchant monster (bad)
  7395 | D:8      | XOM: summons 2 friendly demons
  7668 | D:8      | XOM: summons 8 friendly demons
  7830 | D:8      | Reached XP level 10. HP: 88/88 MP: 9/9
  7861 | D:8      | XOM: polymorph killer bee -> iguana
  7886 | D:8      | XOM: silly message
  7903 | D:8      | Noticed Grum
  7909 | D:8      | XOM: potion effect (invisibility)
  7913 | D:8      | XOM: silly message
  7915 | D:8      | XOM: potion effect (might)
  7919 | D:8      | Killed Grum
  8331 | D:8      | Reached skill level 13 in Maces & Flails
  8494 | D:9      | XOM: smoke on damage
  8501 | D:9      | XOM: give mutations
  8501 | D:9      | Gained mutation: You are partially covered in icy blue scales (AC +1). [Xom's grace]
  8501 | D:9      | Gained mutation: Your movements are slightly less encumbered by armour (ER -2). [Xom's grace]
  8509 | D:9      | Slain by a vampire

Vault maps used:
D:1:      minmay_arrival_pointy
D:2:      nicolae_ru_path_of_blood
D:3:      nicolae_qazlal_style_of_elements, old_standard_altar,
          ecumenical_altar_1
D:4:      kennysheep_mini_moat, minitemple, first_bread
D:5:      kennysheep_cluttered_room, corexii_item_surrounded_by_moat,
          nrook_pool_corridor
D:6:      uniq_sigmund
D:7:      kennysheep_windowed_halls,
          nicolae_gozag_cash_rules_everything_around_me, temple_pool_b,
          lemuel_angel_altar
D:8:      uniq_grum
D:9:      kennysheep_housing_project, nicolae_overflow_crystal_walls

Skill      XL: |  1  2  3  4  5  6  7  8  9 10 |
---------------+-------------------------------+-----
Maces & Flails | 3 4 5 6 7 9 11 12 13 | 13.0
Throwing       | 3 4 |  4.7
Fighting       | |  2.4
Dodging        | |  1.9

Action                   |  1- 3 |  4- 6 |  7- 9 | 10-12 || total
-------------------------+-------+-------+-------+-------++-------
Melee: Mace              |   150 |   203 |   217 |       ||   570
       Giant spiked club |       |       |   180 |    12 ||   192
       Flail             |       |       |       |   121 ||   121
 Fire: Blowgun           |       |     2 |     2 |       ||     4
Throw: Stone             |     5 |     3 |     3 |       ||    11
       Large rock        |       |       |     3 |     3 ||     6
Evoke: Wand              |       |       |     1 |       ||     1
  Use: Scroll            |     7 |     5 |     5 |       ||    17
       Potion            |       |     2 |     1 |     1 ||     4
 Stab: Sleeping          |     1 |       |     1 |       ||     2
       Paralysed         |     2 |       |     3 |       ||     5
       Petrifying        |       |     1 |       |       ||     1
       Invisible         |       |       |       |     3 ||     3
  Eat: Chunk             |    23 |    21 |    39 |     7 ||    90
